AoeStats
← EN_Tsai

Arabia

509839258Analyzed
1v1 RM · 5d ago on Sep 28, 2026· 18m 39s· 2 players
Game mode
Random Map
Map size
Tiny (2 player)
Population
200
Speed
Normal
Resources
Standard
Victory
Conquest
Starting age
Dark Age
Ending age
Imperial Age
RankedLock teamsTeams togetherTeam positionsShared explorationLock speedFull tech treeHidden civsTurbo modeCheats
Victory
Defeat
🇹🇼 Japanese · Taiwan
1028
+17
🇹🇼 Saxons · Taiwan
1042
-17
❁屁演❁
10:34 Feudal Age
11:32 Man-at-Arms
13:07 Arson
15:27 Double-Bit Axe
16:24 Horse Collar
EN_Tsai
2:48 Loom
3:09 Loom
10:29 Feudal Age
8:44 Loom
15:47 Castle Age
Connection lost

Rejoining the realm…

Still unreachable

The connection could not be restored.

Session expired

The server has moved on; the page needs a fresh start.